 Dungeon Crawl Stone Soup version 0.20.1-1-g8b1a95d (webtiles) character file.

180 equalderp2856 the Skirmisher (level 5, -2/41 HPs)
             Began as a Mummy Fighter on Oct 27, 2017.
             Slain by a river rat (5 damage)
             ... in a sewer.
             The game lasted 00:04:21 (2306 turns).

equalderp2856 the Skirmisher (Mummy Fighter)        Turns: 2306, Time: 00:04:22

Health: -2/41      AC: 12    Str: 20    XL:     5   Next: 33%
Magic:  7/7        EV:  3    Int:  8    God:
Gold:   162        SH:  9    Dex: 11    Spells: 6/6 levels left

rFire    x . .     SeeInvis .   a - +0 war axe
rCold    + . .     Gourm    .   c - +0 shield
rNeg     + + +     Faith    .   h - +0 plate armour
rPois    ∞         Spirit   .   f - +0 helmet
rElec    .         Reflect  .   (no cloak)
rCorr    .         Harm     .   (no gloves)
MR       .....                  (no boots)
Stlth    ..........             (no amulet)
Regen    0.2/turn               (no ring)
MPRegen  0.1/turn               (no ring)

@: no status effects
A: no food or potions, fire vulnerability, cold resistance 1, negative energy
resistance 3, torment resistance, unbreathing
a: no special abilities


You were in a sewer.
You were not hungry.

You visited 1 branch of the dungeon, and saw 3 of its levels.
You also visited: Sewer.

You collected 162 gold pieces.

Inventory:

Hand Weapons
 a - a +0 war axe (weapon)
 i - a +0 spear of pain
Armour
 b - a +0 scale mail
 c - a +0 shield (worn)
 f - a +0 helmet (worn)
 h - a +0 plate armour (worn)
Jewellery
 k - a cursed ring of loudness {unknown}
Scrolls
 d - a scroll of fog {unknown}
 e - a scroll of immolation {unknown}
 g - 2 scrolls of identify {unknown}
 j - a scroll of random uselessness {unknown}
 l - a scroll of enchant weapon {unknown}
 m - a scroll of remove curse {unknown}
 n - a scroll of enchant armour {unknown}
 o - a scroll of recharging {unknown}


   Skills:
 + Level 3.5 Fighting
 * Level 3.2 Axes
 + Level 2.8 Armour
 + Level 0.7 Dodging
 + Level 3.0 Shields
 * Level 1.3 Spellcasting


You had 6 spell levels left.
You didn't know any spells.

Dungeon Overview and Level Annotations

Branches:
Dungeon (3/15)

Altars:
Fedhas
Hepliaklqana
Kikubaaqudgha
Qazlal
Yredelemnul
Zin

Annotations:
D:3 Frank's ghost, amateur OpFi


Innate Abilities, Weirdness & Mutations

You do not eat or drink.
Your flesh is vulnerable to fire.
You are immune to poison.
Your flesh is cold resistant. (rC+)
You are immune to negative energy. (rN+++)
You are immune to unholy pain and torment.
You can survive without breathing.


Message History

Your plate armour prevents you from hitting the river rat.
The river rat is severely wounded.
You block the river rat's attack.
The river rat bites you but does no damage.
You closely miss the river rat.
The river rat is severely wounded.
The river rat bites you but does no damage.
You closely miss the river rat.
The river rat is severely wounded.
The river rat bites you but does no damage. x2
You hit the river rat.
The river rat is severely wounded.
The river rat bites you but does no damage.
You closely miss the river rat.
The river rat is severely wounded.
The river rat bites you but does no damage.
You closely miss the river rat.
The river rat is severely wounded.
The river rat bites you.
You die...

# #. ## #.## .# ..#.#
##############.#########
≈.≈≈≈≈...≈†≈†≈≈r@≈≈#≈≈≈≈
≈≈≈.≈..≈≈.≈≈≈.≈≈?≈≈#≈≈≈≈
########################
# # # # # #


You could see a river rat.

Vanquished Creatures
  An orc wizard (D:3)
  5 adders
  A river rat (Sewer)
  An ooze (D:2)
  2 worms (D:2)
  2 dart slugs (D:1)
  5 leopard geckos
  7 orcs (D:3)
  4 ball pythons
  7 giant cockroaches
  4 goblins
  5 hobgoblins
  7 kobolds
  8 bats
  7 frilled lizards
  8 rats
74 creatures vanquished.

Vanquished Creatures (others)
  An orc wizard (D:3)
1 creature vanquished.

Grand Total: 75 creatures vanquished

Notes
Turn   | Place    | Note
-------+----------+-------------------------------------------
     0 | D:1      | equalderp2856 the Mummy Fighter began the quest for the Orb.
     0 | D:1      | Reached XP level 1. HP: 18/18 MP: 1/1
   266 | D:1      | Reached XP level 2. HP: 24/24 MP: 2/2
   603 | D:1      | Reached XP level 3. HP: 27/29 MP: 3/3
   914 | D:2      | Found a hazy altar of Hepliaklqana.
  1195 | D:2      | Found a basalt altar of Yredelemnul.
  1226 | D:2      | Reached XP level 4. HP: 35/35 MP: 5/5
  1259 | D:2      | Found a blossoming altar of Fedhas.
  1335 | D:2      | Found a stormy altar of Qazlal.
  1335 | D:2      | Found an ancient bone altar of Kikubaaqudgha.
  1336 | D:2      | Found a glowing silver altar of Zin.
  1723 | D:3      | Reached skill level 1 in Spellcasting
  1796 | D:3      | Reached XP level 5. HP: 39/41 MP: 6/6
  1805 | D:3      | Noticed Frank's ghost (amateur OpFi)
  2102 | D:3      | Found a glowing drain.
  2106 | Sewer    | Entered a sewer
  2300 | Sewer    | HP: 2/41 [river rat (5)]
  2306 | Sewer    | Slain by a river rat

Skill      XL: |  1  2  3  4  5 |
---------------+----------------+-----
Axes           | 2 3 |  3.2
Spellcasting   | 1 |  1.3
Shields        | 3 |  3.0
Fighting       | |  3.5
Armour         | |  2.8
Dodging        | |  0.7

Action                   |  1- 3 |  4- 6 || total
-------------------------+-------+-------++-------
Melee: War axe           |   155 |   189 ||   344
Armor: Scale mail        |    61 |       ||    61
       Plate armour      |    63 |   160 ||   223
Dodge: Dodged            |    53 |    38 ||    91
Block: Shield            |   121 |   129 ||   250
